 Dungeon Crawl Stone Soup version 0.27-a0-1065-ge809cff456 (webtiles) character file.

Game seed: 12237707735274342872

22 senseless the Cudgeller (level 3, 0/29 HPs)
             Began as a Human Monk on Apr 22, 2021.
             Slain by Sigmund
             ... wielding a +0 scythe
              (2 damage)
             ... on level 2 of the Dungeon.
             The game lasted 00:02:40 (1599 turns).

senseless the Cudgeller (Human Monk)                Turns: 1599, Time: 00:02:41

Health: 0/29       AC:  6    Str: 11    XL:     3   Next: 7%
Magic:  3/3        EV:  9    Int: 11    God:
Gold:   15         SH:  0    Dex: 15    Spells: 2/2 levels left

rFire    . . .     SeeInvis .   a - +0 mace
rCold    . . .     Faith    .   (no shield)
rNeg     . . .     Spirit   .   e - +0 scale mail
rPois    .         Reflect  .   (no helmet)
rElec    .         Harm     .   (no cloak)
rCorr    .         Rampage  .   (no gloves)
Will     .....                  (no boots)
Stlth    ..........             (no amulet)
HPRegen  0.09/turn              (no ring)
MPRegen  0.08/turn              (no ring)

@: confused
A: no striking features
a: no special abilities


You were on level 2 of the Dungeon.
You visited 1 branch of the dungeon, and saw 2 of its levels.

You collected 15 gold pieces.

Inventory:

Hand Weapons
 a - a +0 mace (weapon)
Armour
 b - a +0 robe
 d - a +0 chain mail
 e - a +0 scale mail (worn)
 k - a +0 plate armour
Jewellery
 f - a ring of fire
Scrolls
 c - a scroll of immolation {unknown}
 h - a scroll of teleportation {unknown}
 i - 2 scrolls of identify {unknown}
Potions
 g - a potion of haste {unknown}
 j - 2 potions of curing {unknown}


   Skills:
 + Level 3.3 Fighting
 + Level 3.3 Maces & Flails
 + Level 3.1 Dodging
 + Level 2.2 Stealth


You had 2 spell levels left.
You didn't know any spells.
Your spell library was empty.

Dungeon Overview and Level Annotations

Branches:
Dungeon (2/15)

Altars:

Shops:
D:2 [

Annotations:
D:2 Sigmund


Message History

You kill the rat!
No target in view!
You see here a rat corpse.
i - 2 scrolls labelled LID LURHURHO (gained 1)
You see here a rat corpse.
Found an escape hatch in the ceiling.
Found a plate armour.
Found a stone staircase leading down.
You see here a +0 plate armour.
k - a +0 plate armour
Found a rapier.
Found an escape hatch in the floor.
Found a stone staircase leading down.
Sigmund the Dreaded comes into view.
He is wielding a +0 scythe and carrying a wand of digging (4).
Sigmund points at you and mumbles some strange words.
You resist with significant effort.
You see here a +0 rapier.
You start waiting.
You hear a zap.
You hear a grinding noise.
Sigmund barely misses you.
You hit Sigmund.
Sigmund is lightly wounded.
Sigmund barely misses you.
You hit Sigmund but do no damage.
Sigmund is lightly wounded.
Sigmund closely misses you. Sigmund hits you with a +0 scythe!
You hit Sigmund.
Sigmund is lightly wounded.
Sigmund gestures at himself while chanting.
Sigmund flickers and vanishes!
Deactivating autopickup; reactivate with Ctrl-A.
You completely miss something. Something hits you!
You miss something. Something hits you but does no damage.
You barely miss something. Something hits you!
* * * LOW HITPOINT WARNING * * *
You closely miss something.
You hear some strange, mumbled words.
You are confused.
Something hits you.
You die...

.# ###.. #.# # ..#...#
#.# # .#...# ##.### #
..>.# ...... #.#...#
#.### ....# #.# # #
#..#### #.# #
#.#.{...# ######.###
#.#.#@#.# #......(..
#...)...# #.#.......
#.....#.#####...##.##.
#....>........#.##.##.
#.....#.#.###.........
#.....#.##.##.#.##.##.
#.#####.#<..#.#.##.##.
#.......#...#.........
#####.......#...##.###


There were no monsters in sight!

Vanquished Creatures
  2 endoplasms (D:1)
  2 goblins (D:1)
  3 hobgoblins (D:1)
  2 jackals (D:1)
  2 kobolds (D:1)
  A quokka (D:1)
  2 ball pythons (D:1)
  5 rats
19 creatures vanquished.

Notes
Turn   | Place    | Note
-------+----------+-------------------------------------------
     0 | D:1      | senseless the Human Monk began the quest for the Orb.
     0 | D:1      | Reached XP level 1. HP: 18/18 MP: 1/1
   700 | D:1      | Reached XP level 2. HP: 23/24 MP: 2/2
  1159 | D:1      | Reached XP level 3. HP: 29/29 MP: 3/3
  1499 | D:2      | Found Tulekuut's Antique Armour Shop.
  1506 | D:2      | Found Nipeh's General Store.
  1583 | D:2      | Noticed Sigmund
  1599 | D:2      | Slain by Sigmund

Illustrated notes

Levels and vault maps discovered:
D:1:      wheals_arrival_shading, layout_basic
D:2:      layout_loops_ring, serial_shops, shop, shop, hex_tiny, uniq_jessica,
          uniq_sigmund

Action                   || total
-------------------------++-------
Melee: Mace              ||    71
Armor: Scale mail        ||    26
Dodge: Dodged            ||    32

Table legend: (Time is in decaauts)
 A = Elapsed time spent in this place.
 B = Non-inter-level travel time spent in this place.
 C = Inter-level travel time spent in this place.
 D = Time resting spent in this place.
 E = Time spent auto-exploring this place.
 F = Levels seen in this place.
 G = Mean time per level.
                   A        B        C        D        E       F      G
               +--------+--------+--------+--------+--------+-----+--------+
         Total |   1615 |   1577 |     38 |    392 |    974 |   2 |  807.5 |
       Dungeon |   1615 |   1577 |     38 |    392 |    974 |   2 |  807.5 |
               +--------+--------+--------+--------+--------+-----+--------+

Top non-repeatable levels by time:
     D:1: 1422 daAuts
     D:2: 193 daAuts
